 Dungeon Crawl Stone Soup version 0.28-a0-1190-g77e1c55843 (webtiles) character file.

Game seed: 11870402103411953771

42 ders the Magician (level 3, -5/27 HPs)
             Began as a Djinni Fire Elementalist on Dec 18, 2021.
             Slain by a goblin (6 damage)
             ... led by Robin
             ... on level 2 of the Dungeon.
             The game lasted 00:02:21 (1647 turns).

ders the Magician (Djinni Fire Elementalist)        Turns: 1647, Time: 00:02:22

Health: -5/27      AC:  2    Str:  9    XL:     3   Next: 80%
Gold:   9          EV: 12    Int: 16    God:
                   SH:  0    Dex: 13

rFire   + + .      SeeInvis .   k - +0 dagger
rCold   x . .      Faith    .   (no shield)
rNeg    . . .      Spirit   .   a - +0 robe
rPois   ∞          Reflect  .   (no helmet)
rElec   .          Harm     .   (no cloak)
rCorr   .          Rampage  .   (no gloves)
Will    .....                   (boots unavailable)
Stlth   ++........              (no amulet)
HPRegen 0.09/turn               (no ring)
MPRegen 0.00/turn               (no ring)

@: flying
A: sickness immunity, fire resistance 2, cold vulnerability 1, float, innate
caster, hp casting, extra vitality 1
a: no special abilities


You were on level 2 of the Dungeon.
You visited 1 branch of the dungeon, and saw 2 of its levels.

You collected 9 gold pieces.

Inventory:

Hand Weapons
 c - a +1 hunting sling of flaming
 k - a +0 dagger (weapon)
Missiles
 j - 17 stones
Armour
 a - a +0 robe (worn)
Scrolls
 d - a scroll of immolation {unknown}
 f - a scroll of enchant weapon {unknown}
 h - a scroll of identify {unknown}
 i - a scroll of silence {unknown}
Potions
 b - 3 potions of degeneration {unknown}
 e - a potion of haste {unknown}
 g - a potion of mutation {unknown}


   Skills:
 + Level 1.5 Fighting
 - Level 2.1 Dodging
 - Level 1.5 Stealth
 * Level 3.2 Spellcasting


You couldn't memorise any spells.
You knew the following spells:

 Your Spells              Type           Power      Damage    Failure   Level
a - Sandblast             Erth           24%        2d8       4%          1
b - Scorch                Fire           24%        2d6       8%          2
c - Conjure Flame         Conj/Fire      12%        6-21      14%         3
d - Inner Flame           Hex/Fire       12%        N/A       14%         3
e - Flame Wave            Conj/Fire      12%        2d5       43%         4
f - Foxfire               Conj/Fire      48%        2x1d6     4%          1
Your spell library was empty.

Dungeon Overview and Level Annotations

Branches:
Dungeon (2/15)

Altars:

Annotations:
D:2 Robin


Innate Abilities, Weirdness & Mutations

You are immune to sickness and miasma.
You are immune to poison.
Your flesh is very heat resistant. (rF++)
You are vulnerable to cold. (rC-)
You float through the air rather than walking.
You learn spells naturally, not from books.
Your magical power is your life essence.
You have superior vitality. (+4 HP)


Message History

Unknown command.
Casting: Sandblast (safe; 4% risk of failure)
Confirm with . or Enter, or press ? or * to list all spells.
Aiming: Sandblast (safe; 4% risk of failure)
Press: ? - help, Shift-Dir - straight line, f - goblin
Aim: a goblin, wielding a +0 club (strong, 74% to hit)
The blast of sand hits the goblin.
The goblin is severely wounded.
j - 19 stones A goblin comes into view. It is wielding a +0 club.
Robin throws the goblin at you!
Unknown command.
Casting: Sandblast (safe; 4% risk of failure)
Confirm with . or Enter, or press ? or * to list all spells.
Aiming: Sandblast (safe; 4% risk of failure)
Press: ? - help, Shift-Dir - straight line, f/p - goblin
Aim: a goblin, wielding a +0 club (severely wounded, strong, 74% to hit)
The blast of sand misses the goblin.
j - 18 stones The goblin misses you.
Robin throws the goblin at you! The goblin hits you with a +0 club.
The goblin completely misses you.
A goblin comes into view. It is wielding a +0 club.
Unknown command.
Casting: Sandblast (safe; 4% risk of failure)
Confirm with . or Enter, or press ? or * to list all spells.
Aiming: Sandblast (safe; 4% risk of failure)
Press: ? - help, Shift-Dir - straight line, f/p - goblin
Aim: a goblin, wielding a +0 club (severely wounded, strong, 74% to hit)
The blast of sand hits the goblin!
You kill the goblin!
j - 17 stones The goblin hits you with a +0 club.
* * * LOW HITPOINT WARNING * * *
The goblin hits you with a +0 dagger.
* * * LOW HITPOINT WARNING * * *
Unknown command.
Robin throws the goblin at you!
A goblin comes into view. It is wielding a +0 club.
The goblin hits you with a +0 club.
You die...

#######.####+# .......
#............. .......
#............. .....>.
#............. .......
#...........<. ..g....
#.............
....g..######.............
......gg§.g...............
........g@g...............
.######...g...............
#........†..........
..####...................
.......................
...###........#####.###
...#........# .#
............# #
...#..†.....#


You could see Robin, a hobgoblin (strong) and 6 goblins.

Vanquished Creatures
  A dart slug (D:1)
  4 bats (D:1)
  3 endoplasms
  5 goblins
  2 hobgoblins (D:1)
  4 jackals
  2 kobolds (D:1)
  2 quokkas (D:1)
  A ball python (D:1)
  7 frilled lizards
  6 rats
37 creatures vanquished.

Vanquished Creatures (others)
  79 foxfires (D:1)
79 creatures vanquished.

Grand Total: 116 creatures vanquished

Notes
Turn   | Place    | Note
-------+----------+-------------------------------------------
     0 | D:1      | ders the Djinni Fire Elementalist began the quest for the
                  | Orb.
     0 | D:1      | Reached XP level 1. HP: 15/15 MP: 0/0
   255 | D:1      | Reached XP level 2. HP: 14/22 MP: 0/0
   643 | D:1      | Reached skill level 1 in Fighting
   841 | D:1      | Reached XP level 3. HP: 24/27 MP: 0/0
   841 | D:1      | Learned a level 1 spell: Sandblast
   883 | D:1      | Reached skill level 3 in Spellcasting
   916 | D:1      | Found a faded altar of an unknown god.
  1637 | D:2      | Noticed Robin
  1646 | D:2      | HP: 1/27 [goblin[Robin] (3)]
  1647 | D:2      | Slain by a goblin

Illustrated notes

Levels and vault maps discovered:
D:1:      nicolae_arrival_washed_ashore, layout_basic,
          dilly_ecumenical_altar_fadedgnrine, serial_glass, glass_columns_a,
          glass_columns_b
D:2:      cheibrodos_old_hovel, layout_basic, minmay_lizard_pond, uniq_robin

Skill      XL: |  1  2  3 |
---------------+----------+-----
Fighting       | 1 |  1.5
Spellcasting   | 3 |  3.2
Dodging        | |  2.1
Stealth        | |  1.5

Action                   || total
-------------------------++-------
 Fire: Hunting sling     ||     9
 Cast: Foxfire           ||    49
       Sandblast         ||     8
       Conjure Flame     ||     2
Armor: Robe              ||     3
Dodge: Dodged            ||    17

Table legend: (Time is in decaauts)
 A = Elapsed time spent in this place.
 B = Non-inter-level travel time spent in this place.
 C = Inter-level travel time spent in this place.
 D = Time resting spent in this place.
 E = Time spent auto-exploring this place.
 F = Levels seen in this place.
 G = Mean time per level.
                   A        B        C        D        E       F      G
               +--------+--------+--------+--------+--------+-----+--------+
         Total |   1647 |   1588 |     59 |    354 |   1036 |   2 |  823.5 |
       Dungeon |   1647 |   1588 |     59 |    354 |   1036 |   2 |  823.5 |
               +--------+--------+--------+--------+--------+-----+--------+

Top non-repeatable levels by time:
     D:1: 1542 daAuts
     D:2: 105 daAuts
